AoeStats
← guai

Arabia

505176630Analyzed
1v1 RM · 25d ago on Sep 8, 2026· 31m 33s· 2 players
Game mode
Random Map
Map size
Tiny (2 player)
Population
200
Speed
Normal
Resources
Standard
Victory
Conquest
Starting age
Dark Age
Ending age
Imperial Age
RankedLock teamsTeams togetherTeam positionsShared explorationLock speedFull tech treeHidden civsTurbo modeCheats
Victory
Defeat
🇮🇳 Franks · India
760
+14
🇨🇳 Franks · China
709
-33
guai
11:06 Feudal Age
11:15 Loom
22:59 Castle Age
21:35 Fletching
23:14 Double-Bit Axe
23:34 Elite Skirmisher
25:15 Pikeman
26:22 Scale Barding Armor
taksuparth
3:54 Loom
10:58 Feudal Age
13:23 Double-Bit Axe
17:58 Wheelbarrow
20:59 Castle Age
20:54 Gold Mining
20:55 Stone Mining
22:25 Bow Saw
22:08 Pikeman
22:35 Gambesons
22:50 Squires
22:55 Husbandry
23:21 Forging
23:13 Scale Mail Armor
27:04 Hand Cart
26:14 Light Cavalry
27:46 Murder Holes
28:47 Masonry
29:56 Ballistics
29:30 Town Watch
30:32 Iron Casting
30:31 Scale Barding Armor
Connection lost

Rejoining the realm…

Still unreachable

The connection could not be restored.

Session expired

The server has moved on; the page needs a fresh start.